 Dungeon Crawl Stone Soup version 0.29-a0-321-gf1c400731a (webtiles) character file.

Game seed: 11458598523712380161

8 Flugslaktarn the Vexing (level 2, -1/23 HPs)
             Began as a Palentonga Enchanter on Apr 2, 2022.
             Slain by a kobold
             ... wielding a +0 whip
              (2 damage)
             ... on level 1 of the Dungeon.
             The game lasted 00:00:42 (140 turns).

Flugslaktarn the Vexing (Palentonga Enchanter)       Turns: 140, Time: 00:00:43

Health: -1/23      AC:  4    Str: 11    XL:     2   Next: 0%
Magic:  5/5        EV:  9    Int: 15    God:
Gold:   18         SH:  0    Dex: 10    Spells: 5/5 levels left

rFire   . . .      SeeInvis +   a - +1 dagger
rCold   . . .      Faith    .   (no shield)
rNeg    . . .      Spirit   .   b - +0 robe
rPois   .          Reflect  .   (no helmet)
rElec   .          Harm     .   (no cloak)
rCorr   .          Rampage  .   (no gloves)
Will    .....                   (no barding)
Stlth   ++........              (no amulet)
HPRegen 0.07/turn               (no ring)
MPRegen 0.09/turn               (no ring)

@: no status effects
A: large, rugged brown scales 3, see invisible, deformed body, roll 1, armoured
tail
a: Rolling Charge


You were on level 1 of the Dungeon.
You visited 1 branch of the dungeon, and saw 1 of its levels.

You collected 18 gold pieces.

Inventory:

Hand Weapons
 a - a +1 dagger (weapon)
Missiles
 d - 4 poisoned darts
Armour
 b - a +0 robe (worn)
Potions
 c - a potion of invisibility
 e - a potion of heal wounds {unknown}


   Skills:
 + Level 1.6 Fighting
 - Level 1.0 Short Blades
 - Level 1.5 Dodging
 - Level 2.0 Stealth
 - Level 2.0 Spellcasting
 - Level 3.0 Hexes


You had 5 spell levels left.
You didn't know any spells.
Your spell library contained the following spells:

 Spells                   Type           Power      Damage    Failure   Level
 Ensorcelled Hibernation  Hex/Ice        12%        N/A       19%         2
 Confusing Touch          Hex            10%        N/A       19%         3
 Tukima's Dance           Hex            10%        N/A       19%         3
 Dazzling Flash           Conj/Hex       12%        N/A       34%         3


Dungeon Overview and Level Annotations

Branches:
Dungeon (1/15)

Altars:


Innate Abilities, Weirdness & Mutations

You are completely covered in rugged brown scales. (AC +3, +7% HP)
You have supernaturally acute eyesight. (SInv)
Armour fits poorly on your strangely shaped body.
You can roll at nearby foes to attack.
You have a long armoured tail.


Message History

The jackal bites you but does no damage.
The jackal attacks as you move away!
The jackal bites you but does no damage.
You are too injured to fight recklessly!
You are too injured to fight recklessly!
You hit the jackal but do no damage.
The jackal bites you but does no damage.
You barely miss the jackal.
Your tail-slap misses the jackal.
An endoplasm comes into view.
You hit the jackal.
The jackal is severely wounded.
The jackal barely misses you.
You barely miss the jackal.
The jackal is severely wounded.
The jackal barely misses you.
You hit the jackal.
You kill the jackal!
The jackal closely misses you.
You closely miss the jackal. The jackal barely misses you.
A ball python comes into view.
You fade into invisibility!
The jackal barely misses you.
You hit the jackal.
The jackal is moderately wounded.
The jackal misses you. The jackal closely misses you.
The ball python hisses angrily.
You hit the jackal but do no damage.
The jackal is moderately wounded.
You hit the endoplasm.
The endoplasm is heavily wounded.
The endoplasm freezes you.
You are frozen.
* * * LOW HITPOINT WARNING * * *
You completely miss the endoplasm. You tail-slap the endoplasm.
You kill the endoplasm!
The jackal barely misses you.
Your Fighting skill increases to level 1!
You catch the helpless jackal completely off-guard!
You hit the jackal.
The jackal is almost dead.
You hit the jackal.
The jackal is heavily wounded.
The jackal closely misses you.
You barely miss the jackal.
Your tail-slap misses the jackal.
The jackal is heavily wounded.
The jackal closely misses you. The jackal completely misses you.
You closely miss the jackal.
Your tail-slap misses the jackal.
The jackal is heavily wounded.
The jackal bites you but does no damage.
You closely miss the jackal. Your punch misses the jackal.
The jackal is heavily wounded.
The jackal bites you.
* * * LOW HITPOINT WARNING * * *
You hit the jackal. You tail-slap the jackal.
You kill the jackal!
You catch the helpless jackal completely off-guard!
You puncture the jackal!
You kill the jackal!
You see here a jackal corpse.
You see here 4 poisoned darts.
Found a stone staircase leading down.
You see here 4 poisoned darts.
d - 4 poisoned darts The jackal barely misses you.
You hit the jackal. You tail-slap the jackal. You punch the jackal.
The jackal is severely wounded.
You hit the jackal.
The jackal is almost dead.
The jackal misses you.
You closely miss the jackal.
The jackal is almost dead.
The jackal closely misses you.
You hit the jackal.
You kill the jackal!
Found a fuming brown potion.
e - a fuming brown potion
There is a stone staircase leading down here.
Found a scroll labelled BUFATA ASAE and a scroll labelled POMNAA CODISIRR.
A rat comes into view.
You flicker for a moment.
A kobold comes into view. It is wielding a +0 whip.
The rat closely misses you.
You see here a scroll labelled BUFATA ASAE.
You hit the rat but do no damage.
You flicker back into view.
The rat closely misses you.
The kobold throws a stone.
The stone barely misses you.
You closely miss the rat. You tail-slap the rat.
You kill the rat!
You have reached level 2!
You closely miss the kobold. The kobold hits you with a +0 whip.
* * * LOW HITPOINT WARNING * * *
Unknown command.
You barely miss the kobold. The kobold hits you with a +0 whip.
* * * LOW HITPOINT WARNING * * *
You closely miss the kobold. The kobold barely misses you.
You barely miss the kobold.
You tail-slap the kobold, but do no damage.
The kobold hits you with a +0 whip.
You die...

..# #. #.#.# ...
..#.. #.# #.
#.#.# #..
#.###...#...
#...#.#.#?#
#.....#...#
#...#.#@#
#...#..K#
#...#.#....... #
#.....##.###.# .
#...#....... #
.......#.##.###.#
.## ########..###
## ...#....# #..#
.##.###.####.>#


You could see a kobold.

Vanquished Creatures
  An endoplasm (D:1)
  4 jackals (D:1)
  A bat (D:1)
  A rat (D:1)
7 creatures vanquished.

Notes
Turn   | Place    | Note
-------+----------+-------------------------------------------
     0 | D:1      | Flugslaktarn the Palentonga Enchanter began the quest for
                  | the Orb.
     0 | D:1      | Reached XP level 1. HP: 13/13 MP: 3/3
    91 | D:1      | Reached skill level 1 in Fighting
   137 | D:1      | Reached XP level 2. HP: 8/23 MP: 5/5
   138 | D:1      | HP: 1/23 [kobold/+0 whip (2)]
   140 | D:1      | Slain by a kobold

Illustrated notes

Levels and vault maps discovered:
D:1:      dpeg_arrival_connections, layout_loops_ring,
          nicolae_concentric_dashed_squares_mild

Skill      XL: |  1 |
---------------+----+-----
Fighting       | 1 |  1.6
Short Blades   | |  1.0
Dodging        | |  1.5
Stealth        | |  2.0
Spellcasting   | |  2.0
Hexes          | |  3.0

Action                   || total
-------------------------++-------
Melee: Dagger            ||    32
       Tailslap          ||     5
       Punch             ||     1
  Use: Potion            ||     1
 Stab: Invisible         ||     2
Armor: Robe              ||     7
Dodge: Dodged            ||    23

Table legend: (Time is in decaauts)
 A = Elapsed time spent in this place.
 B = Non-inter-level travel time spent in this place.
 C = Inter-level travel time spent in this place.
 D = Time resting spent in this place.
 E = Time spent auto-exploring this place.
 F = Levels seen in this place.
 G = Mean time per level.
                   A        B        C        D        E       F      G
               +--------+--------+--------+--------+--------+-----+--------+
         Total |    138 |    138 |      0 |      0 |      0 |   1 |  138.0 |
       Dungeon |    138 |    138 |      0 |      0 |      0 |   1 |  138.0 |
               +--------+--------+--------+--------+--------+-----+--------+

Top non-repeatable levels by time:
     D:1: 138 daAuts
